 Dungeon Crawl Stone Soup version 0.24.0-1-gfbc8707122 (console) character file.

Game seed: 15336879558724122673, levelgen mode: deterministic

42 AlterAsc the Ruffian (level 3, 0/29 HPs)
             Began as a Draconian Transmuter on Oct 27, 2019.
             Slain by a gnoll
             ... wielding a +0 whip
              (4 damage)
             ... on level 2 of the Dungeon.
             The game lasted 00:03:29 (979 turns).

AlterAsc the Ruffian (Draconian Transmuter)          Turns: 979, Time: 00:03:30

Health: 0/29       AC:  5    Str: 13    XL:     3   Next: 35%
Magic:  5/6        EV: 12    Int: 13    God:
Gold:   44         SH:  0    Dex: 11    Spells: 3/6 levels left

rFire    + . .     SeeInvis .     - Unarmed
rCold    x . .     Gourm    .   (no shield)
rNeg     . . .     Faith    .   (armour unavailable)
rPois    .         Spirit   .   (helmet restricted)
rElec    .         Reflect  .   (no cloak)
rCorr    .         Harm     .   (no gloves)
MR       .....                  (no boots)
Stlth    +.........             (no amulet)
HPRegen  0.09/turn              b - ring of fire
MPRegen  0.10/turn              (no ring)

@: no status effects
A: unfitting armour, cold-blooded, AC +5
a: no special abilities


You were on level 2 of the Dungeon.
You were not hungry.

You visited 1 branch of the dungeon, and saw 2 of its levels.

You collected 44 gold pieces.

Inventory:

Missiles
 a - 55 arrows
Jewellery
 b - a ring of fire (left hand)
Scrolls
 f - a scroll of magic mapping {unknown}
 k - a scroll of teleportation {unknown}
Potions
 e - a potion of agility {unknown}
 g - a potion of curing {unknown}
 h - 2 potions of heal wounds {unknown}
 i - a potion of brilliance {unknown}
 j - a potion of magic {unknown}
Comestibles
 c - 4 rations
 d - 3 chunks of flesh


   Skills:
 + Level 1.7 Fighting
 - Level 2.0 Dodging
 + Level 3.3 Unarmed Combat
 * Level 2.4 Spellcasting
 * Level 2.6 Transmutations


You had 3 spell levels left.
You knew the following spells:

 Your Spells              Type           Power        Failure   Level  Hunger
a - Beastly Appendage     Tmut           #.....       9%          1    #......
b - Sticks to Snakes      Tmut           #.......     13%         2    ###....

Your spell library contained the following spells:

 Spells                   Type           Power        Failure   Level  Hunger
 Spider Form              Tmut/Pois      #.........   38%         3    ###....
 Ice Form                 Ice/Tmut       #.......     80%         4    #####..
 Blade Hands              Tmut           #.........   93%         5    ######.


Dungeon Overview and Level Annotations

Branches:
Dungeon (2/15)

Altars:


Innate Abilities, Weirdness & Mutations

Your plain brown scales are hard. (AC +5)
You cannot fit into any form of body armour.
You are cold-blooded and may be slowed by cold attacks.


Message History

The gnoll closely misses you.
You completely miss the gnoll.
The gnoll is lightly wounded.
The gnoll closely misses you.
You hit the gnoll but do no damage.
The gnoll is lightly wounded.
The gnoll hits you.
* * * LOW HITPOINT WARNING * * *
You hit the gnoll but do no damage.
The gnoll is lightly wounded.
The gnoll closely misses you.
A gnoll comes into view. It is wielding a +0 whip.
A gnoll comes into view. It is wielding a +0 spear.
The gnoll shouts!
The gnoll closely misses you.
The gnoll hits you from afar with a +0 spear.
* * * LOW HITPOINT WARNING * * *
The gnoll barely misses you. The gnoll hits you with a +0 whip.
You die...

#....... .. # ##....##
.. #......##.#
.##.##.%....##.#
#......##.# .
..g[...(.....
.....>..#.#.#
#.##......#
#....รท.#..#.# #.#
#....# ............# #.#
#).#)# #......#..### #.#
#..#g#
........#.#####.###..#.#
#.##............@.gg.#.#
.. ###....<.#...g..g...#
# #######.######.####
### #... #####


You could see 3 gnolls and a hobgoblin.

Vanquished Creatures
  A gnoll (D:2)
  A dart slug (D:1)
  A leopard gecko (D:1)
  2 ball pythons
  3 bats (D:1)
  A giant cockroach (D:1)
  A goblin (D:1)
  6 hobgoblins
  4 kobolds
  3 frilled lizards
  4 rats
27 creatures vanquished.

Notes
Turn   | Place    | Note
-------+----------+-------------------------------------------
     0 | D:1      | AlterAsc the Draconian Transmuter began the quest for the
                  | Orb.
     0 | D:1      | Reached XP level 1. HP: 16/16 MP: 3/3
    81 | D:1      | Reached XP level 2. HP: 21/23 MP: 3/5
   157 | D:1      | Learned a level 2 spell: Sticks to Snakes
   914 | D:2      | Reached XP level 3. HP: 25/28 MP: 4/6
   979 | D:2      | Slain by a gnoll

Levels and vault maps discovered:
D:1:      psy_arrival_conway, layout_rooms, serial_corexii_hall,
          corexii_hall_statues_x, corexii_hall_statues_l,
          chequers_serial_rivers_small_3, minmay_hedge_maze,
          kennysheep_flooded_box, minmay_close_crescents
D:2:      layout_loops_ring, uniq_terence

Skill      XL: |  1  2 |
---------------+-------+-----
Dodging        | 2 |  2.0
Fighting       | |  1.7
Unarmed Combat | |  3.3
Spellcasting   | |  2.4
Transmutations | |  2.6

Action                   || total
-------------------------++-------
Melee: Unarmed           ||    97
       Tailslap          ||     5
       Headbutt          ||     1
       Kick              ||    10
       Punch             ||     2
 Cast: Beastly Appendage ||    11
  Eat: Chunk             ||     1
Armor: Skin              ||    20
Dodge: Dodged            ||    62
